Map: Незваный гость РВ

Players

DnDwarf - Winner!

  • Race: Zerg Zerg
  • League: Diamond
  • Spawn Location: 11:00

Architecte

  • Race: Terran Terran
  • Spawn Location: 5:00

VOD

Have the link to the VOD?

Description

Time

  • Played on: Aug. 19, 2017, 3:31 a.m.
  • Length: 13:30
Show
View Real Time Build Order
Export as new Build Order

DnDwarf Zerg - Winner!

Build Orders: Hatch First 

Get SALT Encoding   

  12  0:02  Drone  
  13  0:16  Overlord, Drone  
  14  0:36  Drone x2  
  14  0:38  Drone  
  17  0:55  Hatchery  
  16  0:57  Drone  
  16  1:02  Extractor  
  16  1:04  Drone  
  17  1:20  Spawning Pool, Drone  
  17  1:25  Drone  
  18  1:41  Drone  
  18  1:44  Drone  
  20  1:54  Drone  
  21  2:06  Overlord  
  21  2:07  Queen  
  23  2:09  Queen  
  23  2:14  Metabolic Boost  
  25  2:17  Zergling x2  
  25  2:19  Zergling x2  
  27  2:23  Drone  
  27  2:27  Drone  
  29  2:34  Drone  
  30  2:40  Drone x2  
  32  2:47  Overlord  
  32  2:54  Drone  
  33  3:00  Drone  
  33  3:01  Drone  
  35  3:09  Overlord  
  35  3:16  Queen  
  35  3:17  Hatchery  
  35  3:18  Queen  
  38  3:27  Extractor, Drone x2  
  38  3:28  Extractor, Drone  
  39  3:35  Baneling Nest, Drone  
  39  3:43  Drone x3  
  39  3:45  Overlord  
  42  3:51  Drone  
  42  3:52  Drone  
  44  4:09  Zergling x2  
  45  4:10  Zergling x6  
  48  4:17  Queen  
  48  4:20  Baneling x2  
  48  4:21  Baneling x2  
  50  4:26  Overlord x2  
  50  4:32  Queen  
  50  4:34  Zergling x4  
  50  4:36  Baneling  
  50  4:38  Baneling, Zergling x2  
  54  4:40  Drone x3  
  58  4:51  Evolution Chamber  
  57  4:52  Evolution Chamber  
  57  4:57  Drone  
  57  4:58  Drone x4  
  61  5:18  Drone x10  
  71  5:42  Extractor  
  71  5:43  Extractor  
  71  5:44  Zergling x6  
  71  5:45  Overlord x3  
  71  5:46  Overlord  
  71  5:48  Zergling x4  
  74  5:54  Zerg Melee Weapons Level 1  
  74  5:55  Zerg Ground Armor Level 1  
  74  6:00  Lair  
  74  6:02  Pneumatized Carapace  
  74  6:05  Zergling x6  
  77  6:28  Zergling x2  
  77  6:29  Zergling x28  
  77  6:31  Baneling x2  
  77  6:32  Baneling x8  
  92  6:33  Baneling x4  
  92  6:49  Hatchery  
  91  7:02  Infestation Pit  
  91  7:05  Hydralisk Den  
  91  7:07  Overseer  
  89  7:10  Overlord x4  
  89  7:30  Drone x2  
  89  7:31  Drone x3  
  89  7:35  Hydralisk x2, Muscular Augments  
  89  7:36  Hydralisk x3  
  104  7:41  Pathogen Glands  
  104  8:01  Hive  
  102  8:09  Centrifical Hooks  
  103  8:12  Zergling x2  
  103  8:13  Zergling x26  
  104  8:23  Hydralisk x3  
  109  8:36  Drone x5  
  109  8:37  Drone x4  
  118  8:44  Baneling x4  
  118  8:45  Baneling x3  
  118  8:54  Queen  
  120  9:09  Extractor x2, Drone x6  
  124  9:10  Drone x2  
  124  9:16  Extractor, Ultralisk Cavern  
  124  9:19  Hydralisk  
  124  9:20  Hydralisk x4  
  134  9:46  Overlord x3  
  134  9:47  Overlord  
  134  9:49  Baneling  
  134  9:50  Baneling x4  
  134  9:51  Hydralisk, Baneling x2  
  134  9:52  Hydralisk x4  
  144  10:22  Infestor x4  
  144  10:25  Hydralisk  
  144  10:26  Hydralisk x8  
  171  10:28  Zergling x4  
  172  10:39  Overlord x3  
  172  10:40  Zergling x2  
  172  10:41  Zergling x6  
  176  10:44  Zerg Melee Weapons Level 2  
  176  10:46  Zerg Ground Armor Level 2  
  176  10:47  Chitinous Plating  
  173  11:02  Zergling x20  
  158  11:09  Zergling x2  
  158  11:10  Zergling x24  
  166  11:16  Ultralisk  
  170  11:30  Burrow  
  170  11:43  Zergling x2  
  170  11:44  Zergling x20  
  181  11:49  Baneling x4, Hatchery  
  181  11:50  Baneling x5  
  181  11:51  Baneling x2  
  180  11:58  Zergling x20  
  180  11:59  Zergling x4  
  192  12:23  Baneling x3  
  192  12:24  Baneling x5  
  192  12:32  Baneling x5  
  192  12:33  Baneling x7  
  192  12:34  Overlord x2, Baneling  
  192  12:35  Overlord  
  185  12:55  Overseer  
  185  12:56  Overseer x2  
Show
View Real Time Build Order
Export as new Build Order

Architecte Terran 

Build Orders: MMM Bio 

Get SALT Encoding   

  12  0:01  SCV  
  13  0:13  SCV  
  14  0:25  Supply Depot, SCV  
  15  0:46  SCV  
  15  0:49  Barracks  
  16  0:54  Supply Depot  
  16  0:58  SCV  
  17  1:11  SCV  
  18  1:26  Command Center  
  18  1:40  Marine  
  18  1:44  Bunker  
  18  1:46  Orbital Command  
  19  1:58  Marine  
  20  2:02  Barracks  
  20  2:11  Barracks  
  20  2:16  SCV  
  20  2:22  Marine, Refinery  
  21  2:29  SCV  
  23  2:38  Orbital Command  
  23  2:41  Marine, SCV  
  25  2:56  Barracks Tech Lab  
  25  2:58  SCV  
  25  3:00  Refinery  
  25  3:03  SCV  
  27  3:11  SCV  
  28  3:16  SCV  
  29  3:20  Marine x3  
  29  3:23  SCV  
  33  3:32  Engineering Bay x2  
  33  3:33  Stimpack  
  33  3:36  SCV  
  33  3:37  SCV  
  33  3:38  Marine x3  
  38  3:50  SCV x2  
  40  4:02  SCV x2  
  42  4:10  Terran Infantry Weapons Level 1  
  42  4:11  Terran Infantry Armor Level 1, Command Center  
  42  4:14  Barracks Reactor  
  42  4:17  SCV x2  
  44  4:29  SCV x2  
  44  4:30  Barracks Reactor  
  46  4:34  Supply Depot  
  46  4:36  Supply Depot  
  46  4:43  Supply Depot  
  46  4:44  Supply Depot  
  46  4:55  Marine  
  46  4:56  Marine x2  
  49  5:04  Barracks x2  
  49  5:06  SCV x2  
  51  5:08  Factory  
  51  5:11  Marine  
  51  5:13  Marine  
  53  5:16  Marine  
  53  5:17  Marine  
  53  5:18  SCV  
  53  5:19  Marine, SCV  
  58  5:25  Orbital Command  
  58  5:35  Marine x4  
  62  5:37  Marine  
  62  5:42  SCV x2  
  65  5:46  Refinery  
  65  5:47  Refinery  
  65  5:53  Armory  
  65  5:54  SCV x2  
  65  5:57  Factory Reactor  
  67  5:59  Barracks Reactor x2, Starport  
  67  6:05  Marine x4  
  67  6:08  Marauder  
  73  6:15  Sensor Tower  
  73  6:22  Missile Turret x2  
  73  6:33  Orbital Command  
  73  6:42  Terran Infantry Armor Level 2, Terran Infantry Weapons Level 2  
  73  6:45  Medivac  
  73  6:46  Marine x4  
  73  6:47  Marine x4  
  77  6:52  Missile Turret  
  83  7:00  Medivac  
  85  7:03  Marine, Factory Reactor  
  85  7:04  Marine x4  
  90  7:09  SCV x2  
  90  7:10  SCV  
  93  7:22  Supply Depot x2  
  93  7:28  Supply Depot  
  93  7:29  Supply Depot  
  93  7:31  Supply Depot  
  93  7:39  Combat Shields  
  93  7:43  Marine x3, SCV, Medivac x2  
  93  7:44  Marine x3, SCV x2  
  106  7:52  Marine x2, Marauder  
  106  7:55  SCV  
  106  7:56  SCV x2  
  113  8:07  SCV  
  83  8:26  Marine  
  83  8:27  Marine x7, Marauder  
  69  8:28  Medivac x2  
  80  8:37  Widow Mine  
  80  8:38  Widow Mine  
  84  8:44  Marine  
  84  8:46  Barracks  
  84  8:48  Marine x6  
  86  8:49  Marine, Barracks  
  86  8:50  Barracks  
  86  8:53  Barracks  
  92  8:58  Medivac x2, Concussive Shells  
  96  9:04  SCV x3  
  96  9:06  Widow Mine x2  
  96  9:07  Marine  
  96  9:08  Marine x3  
  107  9:16  SCV x3  
  110  9:20  Command Center  
  110  9:28  Medivac x2  
  110  9:30  Marine x6, Marauder  
  110  9:31  Marine  
  123  9:34  Widow Mine  
  123  9:35  Widow Mine  
  123  9:36  Supply Depot  
  127  9:38  Supply Depot  
  127  9:40  Supply Depot  
  127  9:43  Barracks Tech Lab x2  
  127  9:44  Barracks Tech Lab x2  
  127  9:45  Marine  
  128  9:58  Marine  
  128  9:59  Marine x6  
  135  10:03  Widow Mine x2  
  139  10:09  Marauder x5  
  149  10:18  Terran Infantry Weapons Level 3  
  149  10:21  Terran Infantry Armor Level 3  
  149  10:31  Marauder x2  
  149  10:32  Marauder  
  149  10:33  Missile Turret  
  149  10:34  Marauder  
  102  11:08  Marine x4  
  102  11:09  Marine x9  
  67  11:26  Marine x9  
  67  11:27  Marine x4  
  67  11:31  Widow Mine x2  
  82  11:34  Medivac  
  84  11:41  Medivac  
  84  11:43  Marine  
  84  11:44  Marine x11  
  98  11:50  SCV  
  98  11:51  SCV  
  101  11:58  Planetary Fortress  
  101  11:59  Widow Mine x2  
  104  12:04  Medivac  
  106  12:11  Medivac  
  106  12:12  SCV x2  
  110  12:24  SCV x2  
  110  12:28  Widow Mine x2  
  116  12:34  Medivac  
  116  12:36  SCV x2, Marauder x5  
  130  12:37  Marine x3  
  133  12:45  Medivac  
  133  12:48  SCV x2  
  137  12:56  Widow Mine x2  
  137  12:57  Marauder  
  143  13:00  SCV x2  
Tags
 
Add a new tag
Caveats
  • Supply blocks, unpowered buildings, or Contaminate may cause inaccurate times.
  • Supply counts are checked every 10 seconds.